 Dungeon Sprint DCSS version 0.28.0 (webtiles) character file.

Game seed: 12739530559021531071

1323 rocky1 the Carver (level 8, -17/68 HPs)
             Began as a Djinni Cinder Acolyte on Feb 10, 2022.
             Was a High Priest of Ignis.
             Demolished by a two-headed ogre (21 damage)
             ... in the Dungeon (Sprint III: "The Ten Rune Challenge").
             The game lasted 00:05:41 (2017 turns).

rocky1 the Carver (Djinni Cinder Acolyte)           Turns: 2017, Time: 00:05:42

Health: -17/68     AC:  2    Str: 13    XL:     8   Next: 90%
Gold:   39         EV: 11    Int: 18    God:    Ignis [*****.] SH:  0 Dex:  9

rFire   + + +      SeeInvis .   n - +0 long sword (holy)
rCold   x . .      Faith    .   (no shield)
rNeg    . . .      Spirit   .   b - +0 robe
rPois   ∞          Reflect  .   (no helmet)
rElec   .          Harm     .   (no cloak)
rCorr   .          Rampage  .   (no gloves)
Will    .....      NoTele   +   (boots unavailable)
Stlth   +.........              (no amulet)
HPRegen 0.21/turn               (no ring)
MPRegen 0.00/turn               (no ring)

@: flying
A: sickness immunity, fire resistance 2, cold vulnerability 1, float, innate
caster, HP casting, extra vitality 1
a: Renounce Religion, Fiery Armour, Foxfire Swarm, Rising Flame


You were in the Dungeon.
You worshipped Ignis.
Ignis was extremely pleased with you.
You visited 1 branch You collected 39 gold pieces.

Inventory:

Hand Weapons
 a - a -1 falchion of flaming
 n - a +0 long sword of holy wrath (weapon)
Armour
 b - a +0 robe (worn)
Scrolls
 g - a scroll of blinking
 h - a scroll of fog {unknown}
 i - a scroll of silence {unknown}
 j - a scroll of torment {unknown}
 k - 2 scrolls of identify {unknown}
 m - a scroll of immolation {unknown}
Potions
 c - 3 potions of curing
 d - 2 potions of heal wounds
 e - a potion of haste
 f - 4 potions of mutation {unknown}
 l - 2 potions of might


   Skills:
 + Level 10.2 Fighting
 + Level 10.7 Long Blades
 + Level 9.1 Spellcasting


You had 17 spell levels left.
You knew the following spells:

 Your Spells              Type           Power      Damage    Failure   Level
a - Scorch                Fire           82%        2d9       1%          2
b - Slow                  Hex            100%       N/A       1%          1
c - Corpse Rot            Necr/Air       82%        N/A       1%          2
d - Conjure Flame         Conj/Fire      41%        6-21      1%          3
Your spell library was empty.

Dungeon Overview and Level Annotations

Branches:
Dungeon (1/1)

Altars:
Cheibriados
Dithmenos
Elyvilon
Fedhas
Gozag
Hepliaklqana
Kikubaaqudgha
Makhleb
Nemelex Xobeh
Okawaru
Qazlal
Ru
Sif Muna
Trog
Uskayaw
Vehumet
Wu Jian
Xom
Yredelemnul
Zin
The Shining One
Beogh
Jiyva
Lugonu


Innate Abilities, Weirdness & Mutations

You are immune to sickness and miasma.
You are immune to poison.
Your flesh is very heat resistant. (rF++)
You are vulnerable to cold. (rC-)
You float through the air rather than walking.
You learn spells naturally, not from books.
Your magical power is your life essence.
You have superior vitality. (+4 MHP)


Message History

You hear two shouts!
Casting: Scorch (safe; 1% risk of failure)
Confirm with . or Enter, or press ? or * to list all spells.
Flames lash the two-headed ogre.
The two-headed ogre is burned terribly!
The two-headed ogre is heavily wounded.
A two-headed ogre comes into view.
It is wielding a +0 giant club and a +0 giant spiked club.
Unknown command.
Casting: Scorch (safe; 1% risk of failure)
Confirm with . or Enter, or press ? or * to list all spells.
Flames lash the two-headed ogre.
The two-headed ogre is burned terribly!
The two-headed ogre is severely wounded.
The two-headed ogre closely misses you. The two-headed ogre barely misses you.
Unknown command.
Casting: Scorch (safe; 1% risk of failure)
Confirm with . or Enter, or press ? or * to list all spells.
Flames lash the two-headed ogre.
The two-headed ogre is burned terribly!
You kill the two-headed ogre!
Unknown command.
Casting: Scorch (safe; 1% risk of failure)
Confirm with . or Enter, or press ? or * to list all spells.
Flames lash the two-headed ogre.
The two-headed ogre is moderately wounded.
The two-headed ogre's fire resistance burns away.
The two-headed ogre closely misses you. x2
Unknown command.
Casting: Scorch (safe; 1% risk of failure)
Confirm with . or Enter, or press ? or * to list all spells.
Flames lash the two-headed ogre.
The two-headed ogre is lightly wounded.
The two-headed ogre's fire resistance burns away.
The two-headed ogre hits you with a +0 giant spiked club!!
The two-headed ogre barely misses you.
Casting: Scorch (safe; 1% risk of failure)
Confirm with . or Enter, or press ? or * to list all spells.
Flames lash the two-headed ogre.
The two-headed ogre is burned terribly!
The two-headed ogre is heavily wounded.
The two-headed ogre hits you with a +0 giant spiked club!!
* * * LOW HITPOINT WARNING * * *
The two-headed ogre hits you with a +0 giant spiked club!!
You die...

.#..###'#'###)##
'#..#....÷.....#
#...'.⌠........#
#...#...######'#
....#.⌠.#__#...# #
....#...#__#...# #.#
....#)###__#...## ..
....#.).#__#...'##.#
....#___#__'...#@OO#
▓▓▓▓▓▓▓▓▓▓▓▓▓▓▓▓▓▓▓▓


You could see 2 two-headed ogres.

Vanquished Creatures
  A deep elf pyromancer (D)
  A shadow (D)
  A spatial vortex (D)
  A necrophage (D)
  A two-headed ogre (D)
  A water elemental (D)
  A jelly (D)
  A wizard (D)
  A necromancer (D)
  3 humans (D)
  A kobold demonologist (D)
  A phantom (D)
  2 endoplasms (D)
  2 rats (D)
18 creatures vanquished.

Vanquished Creatures (others)
  21 foxfires (D)
21 creatures vanquished.

Grand Total: 39 creatures vanquished

Notes
Turn   | Place    | Note
-------+----------+-------------------------------------------
     0 | D        | rocky1 the Djinni Cinder Acolyte began the quest for the
                  | Orb.
     0 | D        | Reached XP level 1. HP: 20/20 MP: 0/0
   124 | D        | Reached XP level 2. HP: 8/25 MP: 0/0
   124 | D        | Reached XP level 3. HP: 10/30 MP: 0/0
   124 | D        | Learned a level 1 spell: Slow
   679 | D        | Noticed a water elemental
   681 | D        | Killed a water elemental
   682 | D        | Reached skill level 5 in Spellcasting
   682 | D        | Reached XP level 4. HP: 35/35 MP: 0/0
   863 | D        | Noticed a wizard
   866 | D        | Killed a wizard
   867 | D        | Reached XP level 5. HP: 34/41 MP: 0/0
   867 | D        | Learned a level 2 spell: Corpse Rot
   870 | D        | Noticed a sun demon
   997 | D        | Found a glowing silver altar of Zin.
   997 | D        | Found a glowing golden altar of the Shining One.
   997 | D        | Found a white marble altar of Elyvilon.
   997 | D        | Noticed a deep elf pyromancer
  1002 | D        | Killed a deep elf pyromancer
  1003 | D        | Reached XP level 6. HP: 22/54 MP: 0/0
  1003 | D        | Reached XP level 7. HP: 24/59 MP: 0/0
  1003 | D        | Learned a level 3 spell: Conjure Flame
  1187 | D        | Found a hide-covered altar of Uskayaw.
  1187 | D        | Found an iron altar of Okawaru.
  1187 | D        | Found a bloodstained altar of Trog.
  1187 | D        | Found an ornate altar of the Wu Jian Council.
  1187 | D        | Noticed a human
  1187 | D        | Noticed a human
  1191 | D        | Killed a human
  1198 | D        | Killed a human
  1199 | D        | Reached XP level 8. HP: 16/67 MP: 0/0
  1449 | D        | Found a basalt altar of Yredelemnul.
  1449 | D        | Found a shadowy altar of Dithmenos.
  1449 | D        | Found a sacrificial altar of Ru.
  1456 | D        | Reached skill level 10 in Long Blades
  1614 | D        | Noticed a shadow
  1622 | D        | Killed a shadow
  1831 | D        | Found a blossoming altar of Fedhas.
  1831 | D        | Found a stormy altar of Qazlal.
  1831 | D        | Found a snail-covered altar of Cheibriados.
  1831 | D        | Found a burning altar of Makhleb.
  1831 | D        | Found a shimmering altar of Xom.
  1832 | D        | Found a hazy altar of Hepliaklqana.
  1832 | D        | Found an opulent altar of Gozag.
  1832 | D        | Found a sparkling altar of Nemelex Xobeh.
  1832 | D        | Found a corrupted altar of Lugonu.
  1832 | D        | Found a viscous altar of Jiyva.
  1849 | D        | Reached skill level 10 in Fighting
  2017 | D        | Demolished by a two-headed ogre

Illustrated notes

Levels and vault maps discovered:
D:        dungeon_sprint_mu [sprint_mu_entry_cave, sprint_mu_temple_rooms,
          sprint_mu_d1_spiders, sprint_mu_d2_genie, sprint_mu_d3_branching,
          sprint_mu_orc_legion, sprint_mu_elf_gauntlet, sprint_mu_hive_nellie,
          sprint_mu_lair_fedhas, sprint_mu_vaults_butterflies,
          sprint_mu_slime_circle, sprint_mu_swamp_cave, sprint_mu_snake_twists,
          sprint_mu_blade_basic, sprint_mu_crypt_chambers,
          sprint_mu_tomb_spiral, sprint_mu_vestibule_basic,
          sprint_mu_gehenna_hellfire, sprint_mu_dis_giant,
          sprint_mu_tartarus_statrot, sprint_mu_cocytus_islands, sprint_mu_zot1]

Skill      XL: |  1  2  3  4  5  6  7  8 |
---------------+-------------------------+-----
Long Blades    | 4 6 9 10 | 10.7
Spellcasting   | 3 5 7 8 9 |  9.1
Fighting       | 8 9 10 | 10.2

Action                   |  1- 3 |  4- 6 |  7- 9 || total
-------------------------+-------+-------+-------++-------
Melee: Falchion          |    18 |     1 |       ||    19
       Long sword        |       |       |    30 ||    30
       Punch             |       |       |     1 ||     1
 Cast: Scorch            |     2 |     8 |    19 ||    29
Invok: Foxfire Swarm     |     1 |     1 |       ||     2
  Use: Potion            |     1 |       |       ||     1
Armor: Robe              |     4 |     2 |     1 ||     7
Dodge: Dodged            |    10 |     2 |    14 ||    26
